 Dungeon Crawl Stone Soup version 0.31-a0-1321-g5021b54cb2 (webtiles) character file.

Game seed: 9438348849696956687

266 Curundu the Slasher (level 6, -2/55 HPs)
             Began as a Minotaur Berserker on Dec 20, 2023.
             Was a Priest of Trog.
             Slain by a shadow imp (3 damage)
             ... summoned by Eustachio
             ... on level 4 of the Dungeon.
             The game lasted 00:11:57 (2557 turns).

Curundu the Slasher (Minotaur Berserker)            Turns: 2557, Time: 00:11:57

Health: -2/55      AC: 11    Str: 23      XL:     6   Next: 0%
Magic:  0/5        EV: 10    Int:  4      God:    Trog [***...]
Gold:   143        SH:  0    Dex:  7 (10) Spells: 5/5 levels left

rFire   x . .        a - +0 falchion
rCold   + . .        (no shield)
rNeg    . . .        m - +3 scale mail
rPois   .            (helmet restricted)
rElec   .            (no cloak)
rCorr   .            (no gloves)
SInv    .            c - +0 pair of boots
Will    .....        o - amulet of guardian spirit Stlth
                     r - ring of ice
HPRegen 0.29/turn    (no ring)
MPRegen 0.09/turn

%: guardian spirit
@: no status effects
A: horns 2, retaliatory headbutt
a: Renounce Religion, Berserk, Trog's Hand


You were on level 4 of the Dungeon.
You worshipped Trog.
Trog was most pleased with you.
You visited 1 branch of the dungeon, and saw 4 of its levels.

You collected 143 gold pieces.

Inventory:

Hand Weapons
 a - a +0 falchion (weapon)
Missiles
 n - 3 boomerangs (quivered)
Armour
 b - a +0 animal skin
 c - a +0 pair of boots (worn)
 m - a +3 scale mail (worn)
Jewellery
 o - an amulet of guardian spirit (around neck)
 r - a ring of ice (left hand)
Wands
 s - a wand of polymorph (9)
Scrolls
 e - a scroll of teleportation {unknown}
 f - a scroll of revelation {unknown}
 g - a scroll of enchant armour {unknown}
 h - 3 scrolls of identify {unknown}
 i - a scroll of blinking {unknown}
 j - a scroll of immolation {unknown}
 p - a scroll of poison {unknown}
 u - a scroll of noise {unknown}
Potions
 d - 3 potions of heal wounds {unknown}
 k - a potion of attraction {unknown}
 l - a potion of haste {unknown}
 q - a potion of might {unknown}
 t - 2 potions of brilliance {unknown}
 v - 2 potions of invisibility {unknown}


   Skills:
 + Level 4.9 Fighting
 + Level 5.7 Long Blades
 + Level 0.3 Throwing
 + Level 4.1 Armour
 + Level 3.3 Dodging
 + Level 0.6 Stealth


You had 5 spell levels left.
You didn't know any spells.
Your spell library contained the following spells:

 Spells                   Type           Power      Damage    Failure   Level
 Apportation              Tloc           0%         N/A       80%         1
 Magic Dart               Conj           0%         1d3       80%         1
 Necrotise                Necr           0%         1d4       80%         1
 Sting                    Conj/Alch      0%         1d3       80%         1
 Summon Small Mammal      Summ           0%         N/A       80%         1
 Cigotuvi's Dreadful Rot  Necr/Alch/Air  0%         N/A       91%         2
 Searing Ray              Conj           0%         2d4       91%         2
 Dispel Undead            Necr           0%         3d6       100%        4
 Fulminant Prism          Conj/Alch      0%         3d5       100%        4
 Death Channel            Necr           0%         N/A       100%        6
 Chain Lightning          Conj/Air       0%         N/A       100%        9
 Fire Storm               Conj/Fire      0%         5d1       100%        9
 Shatter                  Erth           0%         3d5*      100%        9


Dungeon Overview and Level Annotations

Branches:
Dungeon (4/15)
 Temple: D:4-7

Altars:

Annotations:
D:4 Eustachio


Innate Abilities, Weirdness & Mutations

You have a pair of horns on your head.
You reflexively headbutt those who attack you in melee.


Message History

You headbutt the iron imp!
You kill the iron imp!
The iron imp disappears in a puff of smoke!
The quasit bites you but does no damage.
The quasit barely misses you.
The quasit claws you but does no damage.
Throw: 3 boomerangs
Press: ? - help, Q - select action, (/) - cycle Shift-Dir - straight line, f/p - Eustachio
Aim: Eustachio, wielding a +3 rapier of speed and wearing a +0 leather armour (severely wounded, 35% to hit)
You throw a boomerang. The boomerang hits the shadow imp.
The shadow imp is moderately wounded.
The quasit bites you but does no damage.
The quasit claws you but does no damage.
The quasit misses you. The shadow imp hits you.
* * * LOW HITPOINT WARNING * * *
You hit the quasit.
You kill the quasit!
The quasit disappears in a puff of smoke!
The shadow imp closely misses you.
The shadow imp hits you but does no damage.
You completely miss the shadow imp. Your headbutt misses the shadow imp.
The shadow imp is moderately wounded.
The shadow imp closely misses you.
You closely miss the shadow imp.
The shadow imp is moderately wounded.
The quokka twitches its whiskers.
The shadow imp hits you.
* * * LOW HITPOINT WARNING * * *
You hit the shadow imp but do no damage.
Your headbutt misses the shadow imp.
The shadow imp is moderately wounded.
Eustachio mumbles some strange words.
Eustachio blinks!
The shadow imp gestures at you. Pain shoots through your body!
* * * LOW HITPOINT WARNING * * *
You closely miss the shadow imp. Your headbutt misses the shadow imp.
The shadow imp is moderately wounded.
The shadow imp hits you.
You die...

#.# #.# #[# #.# #.# #.#
#.# ######### #.#
#.5@rr...
#####.##########@#######
#..........†.....#
####..####.......#
#....# #######.# #.#.##
#.# #.#.# #.# #.#.# #.#
#.#.# #.# #.#.# #.#


You could see Eustachio, a river rat (summoned), a shadow imp (summoned) and a
quokka (summoned).

Vanquished Creatures
  An ogre (D:4)
  A jelly (D:4)
  Terence (D:3)
  An orc wizard (D:4)
  A worm (D:2)
  A dart slug (D:2)
  4 orcs (D:4)
  6 bats
  3 endoplasms
  5 giant cockroaches
  9 goblins
  6 hobgoblins
  14 jackals
  6 quokkas
  10 ball pythons
  3 frilled lizards
  4 kobolds
  3 rats (D:1)
79 creatures vanquished.

Notes
Turn   | Place    | Note
-------+----------+-------------------------------------------
     0 | D:1      | Curundu the Minotaur Berserker began the quest for the Orb.
     0 | D:1      | Reached XP level 1. HP: 19/19 MP: 0/0
   164 | D:1      | Reached skill level 4 in Long Blades
   164 | D:1      | Reached XP level 2. HP: 23/27 MP: 1/1
   438 | D:1      | Reached XP level 3. HP: 30/33 MP: 2/2
   440 | D:1      | Reached ** piety under Trog
  1306 | D:2      | Found a faded altar of an unknown god.
  1585 | D:3      | Reached XP level 4. HP: 41/41 MP: 3/3
  1753 | D:3      | Noticed Terence
  1759 | D:3      | Killed Terence
  2309 | D:4      | Noticed an ogre
  2312 | D:4      | Killed an ogre
  2313 | D:4      | Reached skill level 5 in Long Blades
  2313 | D:4      | Reached XP level 5. HP: 46/47 MP: 4/4
  2363 | D:4      | Reached *** piety under Trog
  2482 | D:4      | Reached XP level 6. HP: 54/55 MP: 5/5
  2490 | D:4      | Noticed Eustachio
  2556 | D:4      | HP: 1/55 [shadow imp/nerve-wracking pain[Eustachio] (9)]
  2557 | D:4      | Slain by a shadow imp

Illustrated notes

Levels and vault maps discovered:
D:1:      lightli_arrival_isolated_outpost, layout_basic
D:2:      layout_rooms, dilly_ecumenical_altar_fadedgnrine
D:3:      minmay_inner_zag, layout_loops_ring, minivault_23, uniq_terence
D:4:      layout_loops_ring, old_standard_altar,
          nicolae_overflow_macrodata_refinement, nzn_random_ring, uniq_eustachio

Skill      XL: |  1  2  3  4  5 |
---------------+----------------+-----
Long Blades    | 4 5 |  5.7
Fighting       | 4 |  4.9
Armour         | 3 4 |  4.1
Dodging        | 3 |  3.3
Throwing       | |  0.3
Stealth        | |  0.6

Action                     |  1- 3 |  4- 6 || total
---------------------------+-------+-------++-------
  Melee: Falchion          |    99 |    99 ||   198
         Headbutt          |    19 |    19 ||    38
         Punch             |       |     3 ||     3
  Throw: Boomerang         |       |    45 ||    45
 Invoke: Trog's Hand       |       |     2 ||     2
 Armour: Animal skin       |    39 |       ||    39
         Scale mail        |    31 |   128 ||   159
  Dodge: Dodged            |    94 |    82 ||   176

Table legend: (Time is in decaauts)
 A = Elapsed time spent in this place.
 B = Non-inter-level travel time spent in this place.
 C = Inter-level travel time spent in this place.
 D = Time resting spent in this place.
 E = Time spent auto-exploring this place.
 F = Levels seen in this place.
 G = Mean time per level.
                   A        B        C        D        E       F      G
               +--------+--------+--------+--------+--------+-----+--------+
         Total |   2585 |   2585 |      0 |      0 |   1778 |   4 |  646.2 |
       Dungeon |   2585 |   2585 |      0 |      0 |   1778 |   4 |  646.2 |
               +--------+--------+--------+--------+--------+-----+--------+

Top non-repeatable levels by time:
     D:1: 1024 daAuts
     D:3: 741 daAuts
     D:2: 531 daAuts
     D:4: 288 daAuts
